AoeStats
← 曠曠曠曠曠曠工

Arena

510390562Analyzed
2v2 RM · 1d ago on Sep 30, 2026· 33m 11s· 4 players
Game mode
Random Map
Map size
Medium (4 player)
Population
200
Speed
Normal
Resources
Standard
Victory
Conquest
Starting age
Dark Age
Ending age
Imperial Age
RankedLock teamsTeams togetherTeam positionsShared explorationLock speedFull tech treeHidden civsTurbo modeCheats
Victory
Defeat
🇭🇰 Koreans · Hong Kong SAR China
1140
+16
🇬🇧 Wei · United Kingdom
1126
+17
🇩🇪 Britons · Germany
1157
-17
🇩🇪 Portuguese · Germany
1128
-16
伐伐伐伐伐木工
10:47 Feudal Age
11:43 Double-Bit Axe
14:39 Castle Age
12:24 Horse Collar
14:22 Loom
16:50 Bow Saw
17:40 Wheelbarrow
21:23 Gold Mining
22:49 Fletching
24:56 Bodkin Arrow
24:49 Town Watch
27:40 Treadmill Crane
29:10 Ballistics
30:37 Gold Shaft Mining
29:53 Stone Mining
33:04 Imperial Age
31:59 Hand Cart
32:50 Husbandry
曠曠曠曠曠曠工
10:50 Feudal Age
13:00 Double-Bit Axe
12:57 Horse Collar
15:35 Castle Age
14:21 Gold Mining
15:25 Stone Mining
16:59 Bow Saw
17:53 Heavy Plow
18:20 Loom
22:04 Husbandry
23:09 Scale Barding Armor
25:31 Wheelbarrow
24:41 Town Watch
25:36 Bloodlines
25:49 Chain Barding Armor
27:51 Hand Cart
27:38 Stone Mining
28:59 Stone Shaft Mining
29:03 Gold Shaft Mining
31:08 Forging
35:16 Imperial Age
33:03 Treadmill Crane
34:02 Iron Casting
33:38 Town Patrol
Fµ Ða BÎM§® König
8:16 Loom
10:02 Feudal Age
11:50 Double-Bit Axe
12:11 Horse Collar
14:35 Castle Age
16:30 Stone Mining
21:56 Bow Saw
27:51 Wheelbarrow
28:54 Fletching
30:14 Heavy Plow
30:43 Hand Cart
35:07 Imperial Age
33:12 Gold Mining
33:19 Bodkin Arrow
33:24 Padded Archer Armor
Bector
10:40 Feudal Age
15:18 Castle Age
14:10 Loom
16:21 Double-Bit Axe
20:27 Loom
21:58 Wheelbarrow
27:12 Hand Cart
31:59 Imperial Age
29:49 Pikeman
30:22 Stone Mining
30:46 Horse Collar
31:51 Scale Mail Armor
32:01 Forging
32:37 Halberdier
Connection lost

Rejoining the realm…

Still unreachable

The connection could not be restored.

Session expired

The server has moved on; the page needs a fresh start.